 Dungeon Crawl Stone Soup version 0.23.2-33-g5129a83184 (webtiles) character file.

Game seed: 13217068296377870950

3308 Exodus22XD the Archer (level 9, -3/78 HPs)
             Began as a Centaur Hunter on July 2, 2019.
             Was an Elder of Okawaru.
             Shot with a sling bullet by Joseph (10 damage)
             ... on level 8 of the Dungeon.
             The game lasted 00:27:41 (9093 turns).

Exodus22XD the Archer (Centaur Hunter)              Turns: 9093, Time: 00:27:42

Health: -3/78      AC:  9    Str: 17    XL:     9   Next: 70%
Magic:  9/9        EV:  8    Int: 10    God:    Okawaru [****..]
Gold:   407        SH:  0    Dex: 11    Spells: 8/8 levels left

rFire    . . .     SeeInvis .   a - +1 shortbow
rCold    . . .     Gourm    .   (shield currently unavailable)
rNeg     + . .     Faith    .   n - +0 chain mail
rPois    .         Spirit   .   k - +0 hat
rElec    .         Reflect  .   H - +0 cloak
rCorr    .         Harm     .   (no gloves)
MR       .....                  (no barding)
Stlth    ..........             (no amulet)
HPRegen  0.23/turn              t - +2 ring of evasion
MPRegen  0.11/turn              v - ring of positive energy

@: very quick
A: large, hooves 3, deformed body, speed 2, tough skin 3
a: Heroism, Renounce Religion


You were on level 8 of the Dungeon.
You worshipped Okawaru.
Okawaru was greatly pleased with you.
You were not hungry.

You visited 2 branches of the dungeon, and saw 9 of its levels.

You collected 407 gold pieces.

Inventory:

Hand Weapons
 a - a +1 shortbow (weapon)
 b - a +0 short sword
Missiles
 d - 18 arrows (quivered)
Armour
 i - a scarf of spirit shield
 k - a +0 hat (worn)
 n - a +0 chain mail (worn)
 p - a +0 buckler of protection
 r - a +0 leather armour
 H - a +0 cloak (worn)
Jewellery
 t - a +2 ring of evasion (left hand)
 v - a ring of positive energy (right hand)
Wands
 u - a wand of iceblast (5)
 E - a wand of flame (28)
Scrolls
 h - a scroll of random uselessness {unknown}
 l - 4 scrolls of remove curse
 o - 3 scrolls of immolation
 s - 2 scrolls of enchant armour
 w - 4 scrolls of teleportation
 y - a scroll of fog {unknown}
 C - 4 scrolls of identify
 D - a scroll of enchant weapon {unknown}
 F - a scroll of noise {unknown}
 I - a scroll of fear {unknown}
 J - a scroll of torment {unknown}
Potions
 c - 2 potions of cancellation {unknown}
 e - 5 potions of brilliance
 g - a potion of resistance {unknown}
 j - 2 potions of flight {unknown}
 m - 3 potions of haste {unknown}
 q - 3 potions of curing {unknown}
 x - a potion of ambrosia {unknown}
 z - a potion of magic {unknown}
 A - a potion of might
 B - a potion of mutation {unknown}
 G - 2 potions of degeneration {unknown}
Comestibles
 f - 8 rations


   Skills:
 * Level 6.5 Fighting
 * Level 14.5 Bows
 + Level 2.9 Armour
 * Level 2.9 Dodging
 - Level 0.4 Stealth


You had 8 spell levels left.
You didn't know any spells.
Your spell library contained the following spells:

 Spells                   Type           Power        Failure   Level  Hunger
 Beastly Appendage        Tmut           #.....       99%         1    ##.....
 Shock                    Conj/Air       #...         99%         1    ##.....
 Swiftness                Chrm/Air       #.......     100%        2    ###....
 Recall                   Summ/Tloc      N/A          100%        3    ####...
 Static Discharge         Conj/Air       #.......     100%        3    ####...
 Airstrike                Air            #.........   100%        4    #####..
 Force Lance              Conj/Tloc      #.......     100%        4    #####..
 Ice Form                 Ice/Tmut       #.......     100%        4    #####..
 Lightning Bolt           Conj/Air       #.........   100%        5    ######.
 Controlled Blink         Tloc           N/A          100%        8    #######


Dungeon Overview and Level Annotations

Branches:
Dungeon (8/15)             Temple (1/1) D:4
   Lair: D:8-11

Altars:
Ashenzari
Cheibriados
Elyvilon
Fedhas
Gozag
Hepliaklqana
Kikubaaqudgha
Makhleb
Nemelex Xobeh
Okawaru
Qazlal
Sif Muna
Uskayaw
Vehumet
Wu Jian
Yredelemnul
Zin
The Shining One

Annotations:
D:8 Harold, Joseph


Innate Abilities, Weirdness & Mutations

You have hooves in place of feet.
Armour fits poorly on your strangely shaped body.
You cover ground very quickly.
You have extremely tough skin. (AC +3)


Message History

Press: ? - help, Shift-Dir - straight line, f/p - Joseph
Aim: Joseph, wielding a +0 hunting sling and wearing a +0 leather armour (almost dead)
You shoot an arrow. The arrow closely misses Joseph.
Firing (i - inventory)
d - 21 arrows (quivered)
Press: ? - help, Shift-Dir - straight line, f/p - Joseph
Aim: Joseph, wielding a +0 hunting sling and wearing a +0 leather armour (almost dead)
You shoot an arrow. The arrow hits Joseph!
Joseph is almost dead.
Joseph shoots a sling bullet.
The sling bullet hits you.
* * * LOW HITPOINT WARNING * * *
Firing (i - inventory)
d - 20 arrows (quivered)
Press: ? - help, Shift-Dir - straight line, f/p - Joseph
Aim: Joseph, wielding a +0 hunting sling and wearing a +0 leather armour (almost dead)
You shoot an arrow. The arrow closely misses Joseph.
Firing (i - inventory)
d - 19 arrows (quivered)
Press: ? - help, Shift-Dir - straight line, f/p - Joseph
Aim: Joseph, wielding a +0 hunting sling and wearing a +0 leather armour (almost dead)
You shoot an arrow. The arrow completely misses Joseph.
Joseph shoots a sling bullet.
The sling bullet hits you!
You die...

##########
############........#
###............######.#
..................# #.#
...............#..# #.#
..@@.@?(..(.@...#.# #.#
((......#####...#.# #.#
........# #.#.# #
#.#### ......... #.#.#
#....# ...(....#
##.#.#.# ####.#
..(...... ... ..## #.#
........# .. ...# #.#
........# .. ...# #.#
#.#..# #.#


You could see Joseph.

Vanquished Creatures
  A two-headed ogre (D:8)
  A hippogriff (D:7)
  3 ice beasts
  An orc warrior (D:4)
  A necrophage (D:7)
  3 phantoms
  3 ogres
  2 centaurs
  A bullfrog (D:6)
  A scorpion (D:6)
  A water moccasin skeleton (D:7)
  A killer bee (D:7)
  A howler monkey (D:6)
  A quasit (D:6)
  3 crimson imps
  A bullfrog zombie (D:5)
  2 hounds
  3 centaur skeletons
  3 orc priests
  A jelly (D:8)
  4 orc wizards
  A bullfrog skeleton (D:5)
  Terence (D:2)
  An iguana (D:8)
  7 worker ants
  3 hound skeletons
  A mummy (D:4)
  A worker ant zombie (D:7)
  4 gnolls (D:6)
  4 adders
  4 shadow imps
  2 oozes
  An adder skeleton (D:7)
  A worm (D:3)
  3 dart slugs
  5 leopard geckos
  26 orcs
  A ball python (D:6)
  4 bats
  6 giant cockroaches
  8 goblins
  10 hobgoblins
  10 jackals
  8 kobolds
  4 quokkas
  2 frilled lizards
  3 goblin zombies
  3 hobgoblin zombies (D:6)
  A jackal skeleton (D:6)
  3 kobold skeletons (D:6)
  A leopard gecko skeleton (D:7)
  An orc skeleton (D:6)
  An orc zombie (D:6)
  7 rats
176 creatures vanquished.

Notes
Turn   | Place    | Note
-------+----------+-------------------------------------------
     0 | D:1      | Exodus22XD the Centaur Hunter began the quest for the Orb.
     0 | D:1      | Reached XP level 1. HP: 17/17 MP: 1/1
   656 | D:1      | Reached skill level 6 in Bows
   656 | D:1      | Reached XP level 2. HP: 24/24 MP: 2/2
  1082 | D:1      | Reached XP level 3. HP: 19/29 MP: 3/3
  1959 | D:2      | Noticed Terence
  2022 | D:2      | Killed Terence
  2022 | D:2      | Reached XP level 4. HP: 27/36 MP: 4/4
  2170 | D:2      | Reached skill level 7 in Bows
  2468 | D:3      | Reached skill level 1 in Armour
  2645 | D:3      | Reached XP level 5. HP: 29/41 MP: 5/5
  3060 | D:4      | Reached skill level 8 in Bows
  3061 | D:4      | Noticed an orc warrior
  3127 | D:4      | Found a staircase to the Ecumenical Temple.
  3134 | Temple   | Entered the Ecumenical Temple
  3200 | Temple   | Became a worshipper of Warmaster Okawaru
  3352 | D:4      | Noticed an ogre
  3384 | D:4      | Reached XP level 6. HP: 40/48 MP: 4/6
  3805 | D:4      | Identified the Reference Book on Transformation and
                  | Dislocation
  3820 | D:4      | Reached skill level 9 in Bows
  4166 | D:4      | Reached * piety under Okawaru
  4361 | D:4      | Killed an orc warrior
  4361 | D:4      | Reached skill level 10 in Bows
  4361 | D:4      | Reached XP level 7. HP: 39/56 MP: 7/7
  4639 | D:4      | Found a snail-covered altar of Cheibriados.
  4641 | D:4      | Found a radiant altar of Vehumet.
  4745 | D:5      | Entered Level 5 of the Dungeon
  5093 | D:5      | Reached ** piety under Okawaru
  5132 | D:5      | Reached skill level 11 in Bows
  5280 | D:5      | Reached XP level 8. HP: 44/66 MP: 8/8
  6106 | D:6      | Reached skill level 12 in Bows
  6165 | D:6      | Reached skill level 5 in Fighting
  6468 | D:6      | Found a glowing golden altar of the Shining One.
  6484 | D:6      | Reached *** piety under Okawaru
  6484 | D:6      | Reached skill level 13 in Bows
  6955 | D:7      | Reached XP level 9. HP: 74/74 MP: 9/9
  8323 | D:8      | Noticed a two-headed ogre
  8366 | D:8      | Killed a two-headed ogre
  8366 | D:8      | Reached **** piety under Okawaru
  8366 | D:8      | Reached skill level 14 in Bows
  8496 | D:8      | Noticed Harold
  8510 | D:8      | Noticed a two-headed ogre
  9060 | D:8      | Noticed Joseph
  9093 | D:8      | Shot with a sling bullet by Joseph

Skill      XL: |  1  2  3  4  5  6  7  8  9 |
---------------+----------------------------+-----
Bows           | 6 7 8 10 11 13 14 | 14.5
Armour         | 1 2 |  2.9
Dodging        | 2 |  2.9
Fighting       | 4 5 6 |  6.5
Stealth        | |  0.4

Action                   |  1- 3 |  4- 6 |  7- 9 || total
-------------------------+-------+-------+-------++-------
Melee: Short sword       |   101 |   122 |    78 ||   301
       Kick              |    17 |    23 |    22 ||    62
 Fire: Shortbow          |    19 |   103 |   432 ||   554
  Use: Scroll            |       |     1 |     4 ||     5
  Eat: Chunk             |     2 |     5 |    13 ||    20
Armor: Leather armour    |    43 |       |       ||    43
       Chain mail        |     1 |    91 |   120 ||   212
Dodge: Dodged            |    58 |    22 |    75 ||   155
Block: Buckler           |       |    10 |       ||    10
